AoeStats
← El Fantasma de Pancho Villa

Pilgrims

509982540Analyzed
4v4 RM · 2d ago on Sep 28, 2026· 54m 47s· 8 players
Game mode
Random Map
Map size
Large (8 player)
Population
200
Speed
Normal
Resources
Standard
Victory
Conquest
Starting age
Dark Age
Ending age
Imperial Age
RankedLock teamsTeams togetherTeam positionsShared explorationLock speedFull tech treeHidden civsTurbo modeCheats
Victory
Defeat
🇺🇸 Bulgarians · United States
1163
+15
🇺🇸 Cumans · United States
1158
+16
🇨🇴 Vietnamese · Colombia
1111
+17
🇦🇷 Chinese · Argentina
1097
+18
🇦🇷 Persians · Argentina
1164
-17
🇸🇪 Koreans · Sweden
1159
-17
🇨🇱 Saxons · Chile
1156
-17
1112
-15
Zizzle4879
7:44 Loom
13:00 Feudal Age
13:42 Arson
19:40 Castle Age
18:39 Forging
18:37 Horse Collar
18:48 Double-Bit Axe
21:03 Stone Mining
21:43 Town Watch
24:14 Gold Mining
25:11 Fletching
25:27 Scale Barding Armor
35:50 Imperial Age
34:36 Iron Casting
35:40 Chain Barding Armor
35:21 Stirrups
36:24 Elite Konnik
39:32 Plate Barding Armor
38:59 Husbandry
39:09 Bloodlines
41:08 Conscription
41:41 Wheelbarrow
43:22 Blast Furnace
45:38 Murder Holes
46:05 Ballistics
46:54 Scale Mail Armor
47:55 Squires
47:41 Gambesons
49:35 Pikeman
51:32 Bagains
Mayunia
3:23 Loom
10:00 Feudal Age
19:07 Castle Age
20:36 Wheelbarrow
20:12 Fletching
21:32 Wheelbarrow
22:23 Gold Mining
23:15 Double-Bit Axe
25:23 Bodkin Arrow
28:28 Ballistics
34:23 Scale Mail Armor
34:34 Forging
34:41 Bloodlines
35:01 Scale Barding Armor
37:09 Chain Barding Armor
38:00 Iron Casting
42:46 Bow Saw
42:49 Husbandry
44:45 Stone Mining
49:29 Imperial Age
48:39 Horse Collar
49:21 Hand Cart
48:52 Town Watch
49:32 Elite Battle Elephant
50:32 Chain Mail Armor
50:54 Plate Barding Armor
50:30 Chatras
50:57 Paper Money
53:39 Heavy Plow
El Fantasma de Pancho Villa
10:44 Loom
13:28 Feudal Age
13:52 Man-at-Arms
15:26 Scale Mail Armor
EnanaAtomica
11:33 Feudal Age
10:07 Loom
16:56 Castle Age
16:19 Double-Bit Axe
21:31 Medium Warships
28:03 Wheelbarrow
30:13 Pikeman
31:40 Fletching
31:52 Padded Archer Armor
34:48 Imperial Age
35:42 Bodkin Arrow
36:02 Leather Archer Armor
36:14 Halberdier
38:06 Scale Mail Armor
38:17 Forging
37:34 Elite Chu Ko Nu
43:06 Capped Ram
45:05 Chemistry
44:02 Murder Holes
45:05 Siege Ram
savage!
9:04 Loom
10:54 Feudal Age
11:38 Man-at-Arms
12:45 Arson
24:19 Castle Age
35:50 Double-Bit Axe
40:20 Bow Saw
39:51 Horse Collar
42:40 Heavy Plow
44:42 Wheelbarrow
43:59 Gold Mining
53:40 Imperial Age
51:32 Fletching
51:42 Padded Archer Armor
52:16 Thumb Ring
53:14 Bodkin Arrow
53:34 Leather Archer Armor
53:56 Bloodlines
53:47 Husbandry
ROMA
10:49 Feudal Age
14:09 Fishing Lines
16:35 Castle Age
15:29 Horse Collar
15:41 Double-Bit Axe
16:37 Bloodlines
18:04 Husbandry
18:09 Loom
18:58 Gold Mining
22:55 Gold Shaft Mining
27:59 Scale Barding Armor
30:33 Chain Barding Armor
30:24 Forging
34:38 Wheelbarrow
34:47 Heavy Plow
36:58 Hand Cart
37:24 Forging
37:35 Stone Mining
38:33 Fervor
38:28 Town Watch
41:54 Imperial Age
40:53 Iron Casting
41:31 Stone Shaft Mining
41:37 Cavalier
45:44 Blast Furnace
45:20 Plate Barding Armor
44:36 Fletching
47:24 Town Patrol
49:11 Pikeman
50:19 Masonry
51:15 Hoardings
53:56 Conscription
55:00 Architecture
投降输一半 行不行?
13:24 Feudal Age
13:29 Loom
14:11 Double-Bit Axe
15:40 Fishing Lines
18:27 Fletching
22:26 Wheelbarrow
25:08 Castle Age
24:59 Bloodlines
25:14 Town Watch
26:07 Bow Saw
26:05 Bodkin Arrow
26:39 Medium Warships
30:58 Imperial Age
32:03 Conscription
scarabe
7:26 Loom
10:13 Feudal Age
10:39 Double-Bit Axe
10:39 Fishing Lines
15:35 Castle Age
14:53 Fletching
15:40 Town Watch
17:33 Bow Saw
32:01 Imperial Age
30:19 Bodkin Arrow
35:22 Bracer
37:47 Murder Holes
38:15 Ballistics
40:05 Scale Mail Armor
42:07 Wheelbarrow
41:47 Squires
43:07 Chain Mail Armor
45:56 Plate Mail Armor
45:37 Forging
46:10 Hand Cart
47:29 Eupseong
48:35 Iron Casting
49:26 Elite Fire Lancer
Connection lost

Rejoining the realm…

Still unreachable

The connection could not be restored.

Session expired

The server has moved on; the page needs a fresh start.